 Dungeon Crawl Stone Soup version 0.28-a0-556-gab23d0e057 (webtiles) character file.

Game seed: 7319203125995939589

366264 Zenkrye the Warrior (level 21, -4/195 (197) HPs)
             Began as a Palentonga Abyssal Knight on Sept 27, 2021.
             Was an Elder of Lugonu.
             Killed by the air
             ... invoked by a titan
              (23 damage)
             ... on level 5 of the Vaults on Sept 28, 2021.
             The game lasted 03:01:16 (45708 turns).

Zenkrye the Warrior (Palentonga Abyssal Knight)    Turns: 45708, Time: 03:01:17

HP:   -4/195 (197)  AC: 41    Str: 26      XL:     21   Next: 59%
MP:   30/30         EV:  4    Int: 12      God:    Lugonu [****..]
Gold: 2094          SH: 38    Dex: 19 (20) Spells: 21/30 levels left

rFire   + + +      SeeInvis +   y - +17 lance "Wyrmbane" {slay drac, rPois rF+ rC+ AC+3}
rCold   + + .      Faith    .   e - +18 shield of the Gong {rElec rN+ Will+ EV-5}
rNeg    + + .      Spirit   .   V - +1 fire dragon scales
rPois   +          Reflect  +   u - +0 helmet
rElec   +          Harm     .   G - +2 cloak
rCorr   +          Rampage  .   D - +2 pair of gloves "Bycoherchuo" {rPois rCorr}
Will    +++..                   c - +4 barding {Stlth+}
Stlth   +.........              Q - amulet of reflection
HPRegen 0.42/turn               g - ring of willpower
MPRegen 0.22/turn               r - ring "Zumomek" {rC++ rN+ Str+6 Dex+4}

@: very slightly contaminated, lightly drained, curled up
A: large, rugged brown scales 3, see invisible, deformed body, roll 1, armoured
tail, reflexive curl, hooves 1, deterioration 1
}: 2/15 runes: decaying, serpentine
a: Rolling Charge, Renounce Religion, Depart the Abyss, Bend Space, Banish,
Corrupt


You were on level 5 of the Vaults.
You worshipped Lugonu.
Lugonu was greatly pleased with you.
You visited 7 branches of the dungeon, and saw 39 of its levels.
You visited the Abyss 7 times.
You also visited: Ice Cave.

You collected 4337 gold pieces.
You spent 2243 gold pieces at shops.

Inventory:

Hand Weapons
 y - the +17 lance "Wyrmbane" (weapon) {slay drac, rPois rF+ rC+ AC+3}
   (You took it off Maggie on level 6 of the Dungeon)

   It inflicts extra damage against dragons and draconians.
   AC:        It affects your AC (+3).
   rF:        It protects you from fire.
   rC:        It protects you from cold.
   rPois:     It protects you from poison.
 R - the +9 eveningstar "Ogrebane" {flame, rCorr Str+2}
   (You acquired it on level 2 of the Lair of Beasts)

   It burns those it strikes, dealing additional fire damage.
   Str:       It affects your strength (+2).
   rCorr:     It protects you from acid and corrosion.
Missiles
 d - 4 throwing nets {!f}
 k - 5 curare-tipped darts
 v - 5 boomerangs of dispersal
 U - 9 javelins (quivered)
Armour
 c - a +4 barding of stealth (worn)
 e - the +18 shield of the Gong (worn) {rElec rN+ Will+ EV-5}
   (You found it on level 4 of the Vaults)

   It is deafeningly noisy when blocking attacks.
   EV:        It affects your evasion (-5).
   rElec:     It insulates you from electricity.
   rN:        It protects you from negative energy.
   Will:      It increases your willpower.
 u - a +0 helmet (worn)
 D - the +2 pair of gloves "Bycoherchuo" (worn) {rPois rCorr}
   (You bought it in a shop on level 4 of the Dungeon)

   rPois:     It protects you from poison.
   rCorr:     It protects you from acid and corrosion.
 G - a +2 cloak (worn)
 V - +1 fire dragon scales (worn)
Jewellery
 g - a ring of willpower (left hand)
 n - a ring of positive energy
 r - the ring "Zumomek" (right hand) {rC++ rN+ Str+6 Dex+4}
   (You bought it in a shop on level 4 of the Snake Pit)

   [ring of positive energy]

   Str:       It affects your strength (+6).
   Dex:       It affects your dexterity (+4).
   rC:        It greatly protects you from cold.
   rN:        It protects you from negative energy.
 w - a ring of wizardry
 P - a ring of flight
 Q - an amulet of reflection (around neck)
Wands
 a - a wand of digging (9) {@v1}
 p - a wand of polymorph (25)
 C - a wand of flame (51)
 I - a wand of paralysis (9)
 L - a wand of iceblast (68) {@v4}
 Y - a wand of mindburst (15)
Scrolls
 b - 4 scrolls of enchant weapon
 i - 22 scrolls of identify {@r1}
 j - a scroll of immolation
 l - 2 scrolls of magic mapping
 q - 8 scrolls of amnesia
 E - 2 scrolls of blinking {@r4}
 H - 7 scrolls of fear
 M - 3 scrolls of silence
 T - 6 scrolls of vulnerability
Potions
 t - 4 potions of brilliance
 A - 2 potions of resistance {@q6}
 B - 5 potions of flight
 J - 2 potions of berserk rage
 K - 4 potions of cancellation
 N - 6 potions of mutation
 Z - a potion of magic
Miscellaneous
 f - a tin of tremorstones (2/2)
 o - a condenser vane
 S - a phial of floods (inert)


   Skills:
 + Level 20.9 Fighting
 - Level 12.0 Maces & Flails
 - Level 13.0 Polearms
 - Level 12.0 Armour
 - Level 5.0 Dodging
 - Level 16.0 Shields
 - Level 5.0 Spellcasting
 - Level 10.0 Necromancy
 - Level 10.0 Transmutations
 - Level 12.0 Invocations
 - Level 3.0 Evocations


You had 21 spell levels left.
You knew the following spells:

 Your Spells              Type           Power      Damage    Failure   Level
n - Necromutation         Tmut/Necr      13%        N/A       100%        8
p - Apportation           Tloc           6%         N/A       41%         1

Your spell library contained the following spells:

 Spells                   Type           Power      Damage    Failure   Level
 Animate Skeleton         Necr           54%        N/A       1%          1
 Beastly Appendage        Tmut           54%        N/A       1%          1
 Wereblood                Tmut           27%        N/A       1%          2
 Vampiric Draining        Necr           13%        2d7       2%          3
 Spider Form              Tmut/Pois      7%         N/A       17%         3
 Blade Hands              Tmut           13%        N/A       21%         5
 Excruciating Wounds      Necr           13%        N/A       21%         5
 Ignite Poison            Fire/Tmut/Pois 10%        N/A       34%         3
 Magic Dart               Conj           12%        1d3       41%         1
 Summon Small Mammal      Summ           12%        N/A       41%         1
 Ice Form                 Ice/Tmut       15%        N/A       50%         4
 Petrify                  Tmut/Erth      15%        N/A       50%         4
 Call Imp                 Summ           3%         N/A       54%         2
 Ensorcelled Hibernation  Hex/Ice        6%         N/A       54%         2
 Slow                     Hex            3%         N/A       54%         2
 Confusing Touch          Hex            3%         N/A       78%         3
 Frozen Ramparts          Ice            6%         1d2       78%         3
 Gell's Gravitas          Tloc           1%         N/A       78%         3
 Inner Flame              Hex/Fire       3%         N/A       78%         3
 Mephitic Cloud           Conj/Pois/Air  3%         N/A       78%         3
 Portal Projectile        Hex/Tloc       6%         N/A       78%         3
 Summon Guardian Golem    Hex/Summ       3%         N/A       78%         3
 Teleport Other           Tloc           3%         N/A       78%         3
 Tukima's Dance           Hex            3%         N/A       78%         3
 Alistair's Intoxication  Tmut/Pois      10%        N/A       83%         5
 Irradiate                Conj/Tmut      7%         3d15      83%         5
 Yara's Violent Unravell  Hex/Tmut       7%         3d5       83%         5
 Animate Armour           Summ/Erth      6%         N/A       99%         4
 Cause Fear               Hex            1%         N/A       99%         4
 Passage of Golubria      Tloc           N/A        N/A       99%         4
 Summon Ice Beast         Ice/Summ       3%         N/A       99%         4
 Dragon Form              Tmut           13%        N/A       99%         7
 Freezing Cloud           Conj/Ice/Air   1%         6-21      100%        5
 Iskenderun's Battlesphe  Conj           3%         2d6       100%        5
 Metabolic Englaciation   Hex/Ice        1%         N/A       100%        5
 Silence                  Hex/Air        1%         N/A       100%        5
 Summon Forest            Summ/Tloc      1%         N/A       100%        5
 Dispersal                Tloc           1%         N/A       100%        6
 Eringya's Noxious Bog    Tmut/Pois      7%         N/A       100%        6
 Invisibility             Hex            1%         N/A       100%        6
 Iron Shot                Conj/Erth      1%         9d1       100%        6
 Statue Form              Tmut/Erth      10%        N/A       100%        6
 Orb of Destruction       Conj           1%         N/A       100%        7
 Spellforged Servitor     Conj/Summ      1%         N/A       100%        7
 Summon Hydra             Summ           1%         N/A       100%        7
 Borgnjor's Revivificati  Necr           13%        N/A       100%        8
 Discord                  Hex            1%         N/A       100%        8
 Lehudib's Crystal Spear  Conj/Erth      1%         10d2      100%        8
 Summon Horrible Things   Summ           1%         N/A       100%        8
 Death's Door             Necr           13%        N/A       100%        9


Dungeon Overview and Level Annotations

Branches:
Dungeon (15/15)            Temple (0/1) D:7            Lair (5/6) D:8
  Swamp (4/4) Lair:3        Snake (4/4) Lair:4          Orc (2/2) D:11
    Elf (0/3) Orc:2        Vaults (5/5) D:13          Crypt (0/3) Vaults:2
 Depths (4/4) D:15            Zot (0/5) Depths:4      IceCv (visited)
  Slime: Lair:5-6

Altars:
Ashenzari
Cheibriados
Dithmenos
Fedhas
Gozag
Hepliaklqana
Kikubaaqudgha
Makhleb
Qazlal
Ru
Sif Muna
Trog
Uskayaw
Vehumet
Xom
Beogh
Jiyva

Shops:
D:1 (   D:4 ?![[:   D:7 (   D:13 *((   Orc:2 **::   Snake:2 *[   Snake:4 =
Vaults:3 *   Depths:4 [

Portals:
Hell: Depths:1 Depths:2 Depths:3 Depths:4
Abyss: Depths:3 Depths:4
Pandemonium: Depths:2 Depths:4
Ziggurat: Depths:3

Annotations:
D:3 3 runed translucent doors, AttackTheMoon's ghost, novice VSEn
Lair:3 exclusion: oklob plant
Lair:4 1 runed translucent door, Naugein's ghost, journeyman MiHu
Snake:4 Roxanne
Orc:2 corrupted
Vaults:5 corrupted, Frederick
Depths:3 3 runed translucent doors, Ihibuagea's ghost, journeyman DrCj; Mennas
Abyss:1 Fannar


Innate Abilities, Weirdness & Mutations

You are completely covered in rugged brown scales. (AC +3, +7% HP)
You have supernaturally acute eyesight. (SInv)
Armour fits poorly on your strangely shaped body.
You can roll at nearby foes to attack.
You have a long armoured tail.
You curl defensively after being hit.
You have large cloven feet.
Your body sometimes deteriorates upon taking damage.


Message History

SHROANNG!
You block the deep troll earth mage's attack.
GONNNNG!
You hear a shout! x10; You hear a horrible gurgling sound!
You hear two shouts!
You hear a shout! x4; You hear a horrible gurgling sound!
You hear a shout!
You hear a deafening roar!
You hear a shout!
You hear a deafening roar!
You hear a shout! x6
The deep elf sorcerer points at you and mumbles some strange words.
You resist with almost no effort.
You block the deep elf sorcerer's attack.
GONNNNG!
You hear a shout! x3; You hear an angry buzzing noise.
You hear a shout! x2; You hear a deafening roar!
You hear a shout! x3
You hear a horrible gurgling sound! x2; You hear a shout! x2
You hear a horrible gurgling sound!
You hear a shout!
You hear two shouts!
A tengu reaver comes into view. It is wielding a +4 vorpal great sword.
The tengu reaver shouts!
The tengu reaver points at you and mumbles some strange words.
The bolt of lightning hits you! You resist.
* * * LOW HITPOINT WARNING * * *
A sphinx comes into view.
The sphinx shouts!
You hear a shout!
A vault guard comes into view. It is wielding a +2 long sword.
You block the deep elf sorcerer's attack.
GONNNNG!
A spark wasp comes into view.
You hear a shout!
You hear a deafening roar!
You hear a shout!
You hear a deafening roar! x2
The spark wasp changes into a satyr!
Blink to where?
Press: ? - help, Dir - move target A sphinx, a deep elf death mage, an ogre mage, 2 giants and 2 ironbound preservers come into view.
The frost giant is wielding a +1 battleaxe of freezing.
The ogre mage is wielding a +0 club and wearing a +1 robe of positive energy.
An ironbound preserver is wielding a +2 great mace of holy wrath.
As you read the scroll of blinking {@r4}, it crumbles to dust.
The deep elf death mage shouts!
The frost giant shouts!
The ironbound preserver shouts!
The ogre mage shouts! x2; The titan shouts!
The ironbound preserver shouts!
The dread lich shouts!
The ironbound convoker shouts!
The deep elf high priest shouts!
The entropy weaver shouts!
The titan waves its arms in wide circles.
The air twists around and strikes you!!
You die...

#....##....#
#....##.e..#
.....##.Q..# #....# #
(.. #.H#.# .##
....###....# ....
.pO#p#....# ..e.
#...c.Dp)#..#
#..OT#..@...#
#########..pC.p.[..##
.........#.[[[<<......
.......C#.[[[<[[<.......
..p..v.....[#[<<........
......§...L)[C[[..?.....
##.#..#o§#.e(CH....#####
...#...#......B......
....#.....c)o..#.#...


You could see an iron dragon, 2 ironbound preservers, a titan, a dread lich, a
frost giant, a fire giant, 2 sphinxes, a tengu reaver, a vault guard, an entropy
weaver, a deep elf death mage, a satyr shaped shifter, a deep elf sorcerer
(fast), an ogre mage, a deep elf high priest and an ironbound convoker.

Vanquished Creatures
  Sojobo (Vaults:2)
  Boris (twice) (Depths:3 Vaults:4)
  Vashnia (Abyss:1)
  Xtahua (Depths:4)
  A bone dragon (Depths:4)
  Jorgrun (Orc:2)
  6 liches
  A walking frostbound tome (Depths:3)
  A quicksilver dragon (Vaults:5)
  2 titans (Vaults:5)
  2 sphinxes
  2 tengu reavers (Vaults:2)
  A draconian monk (Depths:4)
  3 nagarajas (Snake:4)
  3 shadow dragons
  A frost giant (Depths:4)
  12 vault wardens
  A deep elf sorcerer (Vaults:3)
  6 fire giants
  24 very ugly things
  4 war gargoyles
  17 ironbound preservers
  4 stone giants
  A vampire knight (Depths:3)
  A deep elf demonologist (Vaults:4)
  Nessos (Lair:5)
  2 black draconians (Depths:4)
  A purple draconian (Depths:4)
  6 bunyips
  2 yellow draconians (Depths:4)
  12 dire elephants
  2 spark wasps (Depths:3)
  3 entropy weavers
  3 ettins
  A merfolk javelineer (Depths:2)
  An ettin (shapeshifter) (Vaults:3)
  2 green deaths
  A shambling mangrove (Swamp:3)
  12 fire dragons
  3 ice dragons
  5 yaktaur captains
  8 great orbs of eyes
  2 deep elf high priests
  6 ironbound thunderhulks
  5 rakshasas
  7 salamander tyrants
  30 vault guards
  7 boulder beetles
  3 caustic shrike simulacra (IceCv)
  8 naga warriors
  14 hydras
  3 peacekeepers
  3 ogre magi
  6 anacondas
  9 ironbound frosthearts
  16 centaur warriors
  A ghost crab (Swamp:4)
  3 tengu warriors
  Erica (D:8)
  14 naga sharpshooters
  8 deep troll earth magi
  5 alligators
  10 two-headed ogres
  3 spriggan berserkers (Depths:3)
  5 deep troll shamans
  4 shock serpents
  A deep elf knight (D:12)
  3 soul eaters
  7 spriggans
  A fire crab (Swamp:4)
  7 salamander mystics
  3 goliath frogs
  12 skeletal warriors
  6 iron trolls
  3 spriggan druids
  72 deep trolls
  2 flayed ghosts
  A glowing orange brain (Depths:4)
  6 swamp dragons
  8 naga ritualists
  14 ironbound convokers
  2 orange crystal statues (IceCv)
  A swamp dragon (shapeshifter) (D:12)
  9 wizards
  8 necromancers
  53 ugly things
  A frost giant zombie (Vaults:1)
  5 harpies (Vaults:1)
  A deep elf pyromancer (D:12)
  6 lindwurms
  3 orc knights
  A cyclops (shapeshifter) (Depths:4)
  A mana viper (Snake:4)
  2 human zombies (Vaults:4)
  An orc sorcerer (Orc:1)
  3 tengu skeletons
  6 cyclopes
  22 salamanders
  7 manticores
  A will-o-the-wisp (Swamp:3)
  12 naga magi
  9 elephants
  A stone giant skeleton (Vaults:2)
  21 vault sentinels
  A guardian serpent (shapeshifter) (D:14)
  A rust devil (Depths:2)
  4 guardian serpents
  17 black mambas
  2 torpor snails
  Maurice (D:11)
  A fire giant skeleton (Vaults:2)
  A molten gargoyle (Depths:4)
  2 smoke demons
  8 cane toads
  2 elf skeletons
  A kobold demonologist (D:13)
  Maggie (D:6)
  29 yaktaurs
  An unseen horror (D:12)
  3 komodo dragons
  5 tengu conjurers
  A tormentor (Abyss:2)
  A yaktaur zombie (Vaults:4)
  5 freezing wraiths
  3 anaconda simulacra (IceCv)
  8 tyrant leeches
  3 trolls
  A bloated husk (Swamp:4)
  2 jumping spiders
  7 slime creatures
  2 polar bears (Lair:4)
  12 hornets
  A blink frog (shapeshifter) (D:15)
  4 blink frogs (Lair:2)
  3 large abominations (Abyss:2)
  A dream sheep (shapeshifter) (Abyss:2)
  A deep troll skeleton (Vaults:2)
  An ettin skeleton (Vaults:2)
  2 tarantellas (Vaults:4)
  5 redbacks
  A ynoxinul (Abyss:2)
  2 shadows
  A vampire (D:12)
  4 water elementals (Depths:2)
  17 humans (D:13)
  43 yaks
  4 wyverns
  2 dire elephant simulacra (IceCv)
  5 wraiths
  3 neqoxecs (Depths:2)
  3 fire elementals (Depths:2)
  11 vampire mosquitoes
  2 steam dragons (Swamp:4)
  2 fire bats (Swamp:4)
  4 wargs
  7 swamp worms
  An ogre zombie (Vaults:3)
  29 nagas
  2 harpy simulacra (IceCv)
  2 hydra simulacra (IceCv)
  2 ogre skeletons
  7 water moccasins
  2 ettin simulacra
  2 black bears
  8 swamp drakes
  19 orc warriors
  An ice beast (D:5)
  16 ogres
  3 alligator simulacra (IceCv)
  3 necrophages
  11 wolves
  7 centaurs
  3 kobold brigands
  11 bullfrogs
  A bullfrog (shapeshifter) (D:15)
  A gnoll sergeant (D:9)
  5 human skeletons
  A scorpion (D:7)
  3 killer bees (D:8)
  A lindwurm simulacrum (IceCv)
  A small abomination (Abyss:2)
  A wight (D:8)
  An electric eel (D:9)
  6 howler monkeys
  3 centaur zombies
  3 lava snakes
  2 bullfrog zombies (D:5)
  3 hounds
  20 orc priests
  An iron imp (Abyss:1)
  Ijyb (D:3)
  3 iguanas
  24 orc wizards
  4 hell rats (Lair:3)
  A hound skeleton (D:4)
  A howler monkey zombie (D:9)
  5 gnolls
  3 adders
  A white imp (D:8)
  An ufetubus (Abyss:1)
  3 dart slugs
  62 orcs
  9 endoplasms
  7 giant cockroaches
  2 goblins
  5 hobgoblins
  4 jackals (D:1)
  26 kobolds
  3 quokkas
  7 ball pythons
  4 bats
  6 frilled lizards
  A jackal skeleton (D:4)
  A quokka skeleton (D:4)
  7 rats
1286 creatures vanquished.

Vanquished Creatures (collateral kills)
  A fire giant (Vaults:5)
  A vault guard (Vaults:5)
  A vault sentinel (Vaults:5)
3 creatures vanquished.

Vanquished Creatures (others)
  A draconian knight (Depths:4)
  A very ugly thing (IceCv)
  A vault guard (Vaults:5)
  3 ogre magi (Orc:2)
  10 two-headed ogres (Orc:2)
  A hydra (Swamp:4)
  A manticore (D:15)
  A spriggan (Swamp:4)
  A redback (Vaults:5)
  A tarantella (Vaults:5)
  A swamp worm (Swamp:3)
  A swamp drake (Swamp:4)
  An orc warrior (Orc:2)
  14 ogres (Orc:2)
  An orc priest (Orc:2)
  3 orc wizards (Orc:2)
  7 orcs
  16 fungi
  20 plants
  13 starspawn tentacles
98 creatures vanquished.

Grand Total: 1387 creatures vanquished

Notes
Turn   | Place    | Note
-------+----------+-------------------------------------------
     0 | Abyss:1  | Zenkrye the Palentonga Abyssal Knight began the quest for
                  | the Orb.
     0 | Abyss:1  | Reached XP level 1. HP: 19/19 MP: 2/2
    22 | D:1      | Escaped the Abyss
   328 | D:1      | Reached XP level 2. HP: 25/25 MP: 3/3
   770 | D:1      | Reached ** piety under Lugonu
   832 | D:1      | Reached XP level 3. HP: 26/31 MP: 5/5
   983 | D:1      | Found Alyimutz's Weapon Emporium.
  1294 | D:2      | Found a faded altar of an unknown god.
  1741 | D:2      | Reached XP level 4. HP: 34/37 MP: 6/6
  1934 | D:3      | Noticed Ijyb
  1946 | D:3      | Killed Ijyb
  2124 | D:3      | Found an ancient bone altar of Kikubaaqudgha.
  2210 | D:3      | Noticed AttackTheMoon's ghost (novice VSEn)
  2211 | D:3      | Found a runed translucent gate.
  2211 | D:3      | Found a runed translucent gate.
  2211 | D:3      | Found a runed translucent gate.
  2300 | D:3      | Found a shimmering blue altar of Sif Muna.
  2300 | D:3      | Found a broken altar of Ashenzari.
  2367 | D:3      | Found a bloodstained altar of Trog.
  2468 | D:4      | Found Pege's Magic Scroll Shop.
  2532 | D:4      | Reached XP level 5. HP: 41/43 MP: 8/8
  2710 | D:4      | Found Owutoat's Book Shop.
  3030 | D:4      | Found Zaul's Distillery.
  3060 | D:4      | Found a burning altar of Makhleb.
  3069 | D:4      | Found Nuth's Antique Armour Shoppe.
  3083 | D:4      | Found Hekoes's Antique Armour Shoppe.
  3334 | D:4      | Reached *** piety under Lugonu
  3385 | D:5      | Entered Level 5 of the Dungeon
  3577 | D:5      | Reached skill level 5 in Maces & Flails
  3577 | D:5      | Reached XP level 6. HP: 33/50 MP: 9/9
  4023 | D:5      | Reached skill level 5 in Invocations
  4166 | D:5      | Gained mutation: You curl defensively after being hit.
                  | [Palentonga growth]
  4166 | D:5      | Reached XP level 7. HP: 30/55 MP: 9/11
  5201 | D:4      | Bought a pair of fine gloves for 190 gold pieces
  5201 | D:4      | Identified the +2 pair of gloves "Bycoherchuo" {rPois
                  | rCorr} (You bought it in a shop on level 4 of the Dungeon)
  5329 | D:6      | Noticed Maggie
  5831 | D:6      | Reached XP level 8. HP: 49/62 MP: 12/12
  6620 | D:7      | Found Fete's Antique Weapon Shoppe.
  6806 | D:7      | Found a staircase to the Ecumenical Temple.
  8109 | D:8      | Reached XP level 9. HP: 66/67 MP: 14/14
  8224 | D:8      | Noticed Erica
  8247 | D:8      | Killed Erica
  8248 | D:8      | Reached skill level 10 in Maces & Flails
  8388 | D:8      | Found a hazy altar of Hepliaklqana.
  8389 | D:8      | Found a stormy altar of Qazlal.
  8389 | D:8      | Found a shimmering altar of Xom.
  8540 | D:8      | Found a staircase to the Lair.
  8793 | D:8      | Found an opulent altar of Gozag.
  8799 | D:8      | Reached skill level 4 in Fighting
  9269 | D:9      | Reached **** piety under Lugonu
  9446 | D:9      | Reached skill level 1 in Evocations
  9763 | D:9      | Found a blossoming altar of Fedhas.
  9939 | D:9      | Identified the +1 scale mail of the Bulwark {Contam Regen+
                  | Int+3 Slay+2}
 10031 | D:9      | Noticed a cyclops
 10032 | D:9      | Banished a cyclops
 10033 | D:9      | Reached XP level 10. HP: 78/78 MP: 11/16
 10116 | D:9      | Noticed a two-headed ogre
 10117 | D:9      | Banished a two-headed ogre
 10194 | D:9      | Reached skill level 5 in Fighting
 10282 | D:9      | Found a radiant altar of Vehumet.
 10711 | D:6      | Killed Maggie
 10777 | D:4      | Bought a runed kite shield for 150 gold pieces
 10942 | D:10     | Entered Level 10 of the Dungeon
 10955 | D:10     | Found an opulent altar of Gozag.
 11130 | D:10     | Found a hide-covered altar of Uskayaw.
 11156 | D:10     | Noticed a two-headed ogre
 11163 | D:10     | Killed a two-headed ogre
 11240 | D:10     | Noticed a two-headed ogre
 11252 | D:10     | Killed a two-headed ogre
 11253 | D:10     | Reached skill level 1 in Polearms
 11253 | D:10     | Reached skill level 1 in Shields
 11538 | Lair:1   | Entered Level 1 of the Lair of Beasts
 11654 | Lair:1   | Reached XP level 11. HP: 63/86 MP: 18/18
 11677 | Lair:1   | Reached skill level 6 in Fighting
 12010 | Lair:1   | Reached skill level 10 in Invocations
 12283 | Lair:1   | Reached skill level 5 in Armour
 12412 | Lair:1   | Reached ***** piety under Lugonu
 12566 | Lair:1   | Reached skill level 7 in Fighting
 13004 | Lair:2   | Reached skill level 8 in Fighting
 13004 | Lair:2   | Reached skill level 5 in Polearms
 13254 | Lair:2   | Reached XP level 12. HP: 91/98 MP: 19/19
 13365 | Lair:2   | Found a snail-covered altar of Cheibriados.
 13418 | Lair:2   | Reached skill level 5 in Shields
 13723 | Lair:2   | Identified a scroll of acquirement
 13726 | Lair:2   | Acquired the +9 eveningstar "Ogrebane" {flame, rCorr Str+2}
 13772 | Lair:3   | Noticed Fannar
 13790 | Lair:3   | Banished Fannar
 13997 | Lair:3   | Noticed a six-headed hydra
 13999 | Lair:3   | Banished a six-headed hydra
 14019 | Lair:3   | Found a staircase to the Swamp.
 14061 | Lair:3   | Reached skill level 9 in Fighting
 14619 | Lair:4   | Noticed a death yak
 14621 | Lair:4   | Banished a death yak
 14823 | Lair:4   | Found a runed translucent door.
 15007 | Lair:4   | Identified the +2 spear of Gozag's Wrath {holy, Fragile
                  | rPois rN+}
 15009 | Lair:4   | Noticed Naugein's ghost (journeyman MiHu)
 15188 | Lair:4   | Found a staircase to the Snake Pit.
 15883 | Lair:5   | Reached skill level 10 in Fighting
 16011 | Lair:5   | Noticed a seven-headed hydra
 16012 | Lair:5   | Banished a seven-headed hydra
 16072 | Lair:5   | Reached XP level 13. HP: 105/110 MP: 20/20
 16184 | Lair:5   | Noticed Nessos
 16308 | Lair:5   | Killed Nessos
 16745 | D:11     | Found a shadowy altar of Dithmenos.
 16807 | D:11     | Identified the ring of Puseoraw {rElec rPois rC- EV+4
                  | Str+6}
 17076 | D:11     | Noticed Maurice
 17099 | D:11     | Killed Maurice
 17137 | D:11     | Found a staircase to the Orcish Mines.
 17490 | Orc:1    | Entered Level 1 of the Orcish Mines
 17622 | Orc:2    | Entered Level 2 of the Orcish Mines
 17673 | Orc:2    | Noticed an orc warlord
 17688 | Orc:2    | Banished an orc warlord
 17691 | Orc:2    | Noticed Jorgrun
 17711 | Orc:2    | Reached skill level 11 in Fighting
 17733 | Orc:2    | Killed Jorgrun
 17734 | Orc:2    | Corrupted Orc:2
 17734 | Orc:2    | Noticed a tentacled starspawn
 17760 | Orc:2    | Noticed a tentacled starspawn
 17820 | Orc:2    | Found a staircase to the Elven Halls.
 18172 | Orc:2    | Found Gujaskum's General Store.
 18172 | Orc:2    | Found Wocupt's Book Shoppe.
 18205 | Orc:2    | Found Icaotsae's Book Shop.
 18205 | Orc:2    | Found Bozikytz's Assorted Antiques.
 19140 | D:12     | Reached XP level 14. HP: 63/120 MP: 22/22
 20314 | D:13     | Reached skill level 12 in Fighting
 20373 | D:13     | Found a gate to the Vaults.
 20654 | D:13     | Reached ****** piety under Lugonu
 20710 | D:13     | Reached skill level 10 in Polearms
 20750 | D:13     | Found Mimeug's Assorted Antiques.
 20846 | D:13     | Found Ykhlor's Weapon Emporium.
 21065 | D:13     | Found Cewum's Weapon Emporium.
 21181 | D:14     | Found a sacrificial altar of Ru.
 21839 | D:14     | Found a snail-covered altar of Cheibriados.
 21871 | D:15     | Entered Level 15 of the Dungeon
 22069 | D:15     | Reached XP level 15. HP: 95/130 MP: 24/24
 22098 | D:15     | Found a stormy altar of Qazlal.
 22380 | D:15     | Found a frozen archway.
 22390 | IceCv    | Entered an ice cave
 22520 | IceCv    | Reached skill level 13 in Fighting
 22520 | IceCv    | Reached skill level 10 in Shields
 22566 | IceCv    | Learned a level 8 spell: Necromutation
 23165 | D:15     | Found a staircase to the Depths.
 23561 | Swamp:1  | Entered Level 1 of the Swamp
 24123 | Swamp:3  | Noticed a thorn hunter
 24128 | Swamp:3  | Banished a thorn hunter
 24275 | Swamp:4  | Entered Level 4 of the Swamp
 24344 | Swamp:4  | Reached XP level 16. HP: 127/141 MP: 25/25
 24367 | Swamp:3  | Reached skill level 14 in Fighting
 24691 | Swamp:4  | Got a decaying rune of Zot
 24823 | Snake:1  | Entered Level 1 of the Snake Pit
 25241 | Snake:2  | Found Xupeipum's Armour Shoppe.
 25241 | Snake:2  | Found Otoudy's Assorted Antiques.
 25473 | Snake:4  | Entered Level 4 of the Snake Pit
 25913 | Snake:4  | Reached skill level 10 in Armour
 25922 | Snake:4  | Reached skill level 15 in Fighting
 26011 | Snake:4  | Noticed Vashnia
 26054 | Snake:4  | Banished Vashnia
 26055 | Snake:4  | Reached XP level 17. HP: 78/151 MP: 21/26
 26062 | Abyss:1  | HP: 7/151 [poisoned by naga warrior (concentrated venom)]
 26081 | Abyss:1  | Noticed a lich
 26087 | Abyss:1  | HP: 6/151 [lich/bolt of cold (13)]
 26160 | Abyss:1  | Killed Vashnia
 26201 | Snake:4  | Escaped the Abyss
 26516 | Snake:4  | Found Ynihixes's Jewellery Emporium.
 27089 | Snake:4  | Noticed Roxanne
 27165 | Snake:4  | Reached skill level 16 in Fighting
 27374 | Snake:4  | Got a serpentine rune of Zot
 27931 | Depths:1 | Entered Level 1 of the Depths
 28041 | Depths:1 | Cast into level 2 of the Abyss (a wizard)
 28201 | Depths:1 | Escaped the Abyss
 28876 | Depths:1 | Escaped the Abyss
 28882 | Depths:1 | Reached skill level 17 in Fighting
 29161 | Depths:1 | Found a gateway to Hell.
 29422 | Depths:2 | Reached XP level 18. HP: 163/165 MP: 27/27
 29695 | Depths:2 | Reached skill level 1 in Necromancy
 29711 | Depths:2 | Reached skill level 1 in Transmutations
 29769 | Abyss:1  | Killed a lich
 29854 | Depths:2 | Escaped the Abyss
 30247 | Depths:2 | Noticed a lich
 30261 | Depths:2 | Killed a lich
 30663 | Depths:2 | Learned a level 1 spell: Apportation
 31033 | Depths:2 | Found a one-way gate leading to the halls of Pandemonium.
 31054 | Depths:2 | Gained mutation: You have large cloven feet. [a neqoxec]
 31185 | Depths:2 | Noticed a lich
 31185 | Depths:2 | Noticed a lich
 31193 | Depths:2 | Killed a lich
 31202 | Depths:2 | Killed a lich
 31206 | Depths:2 | Got Qereutie's Collected Works on Noxious Moulding
 31748 | Snake:4  | Bought the ring "Zumomek" {rC++ rN+ Str+6 Dex+4} for 1113
                  | gold pieces
 31754 | Snake:4  | Gained mutation: Your body sometimes deteriorates upon
                  | taking damage. [mutagenic glow]
 32252 | Depths:3 | Found a gateway to a ziggurat.
 32467 | Depths:3 | Found a runed translucent gate.
 32467 | Depths:3 | Found a runed translucent gate.
 32468 | Depths:3 | Found a runed translucent gate.
 32469 | Depths:3 | Noticed Ihibuagea's ghost (journeyman DrCj)
 32471 | Depths:3 | Found a viscous altar of Jiyva.
 32491 | Depths:3 | Found a one-way gate to the infinite horrors of the Abyss.
 32591 | Depths:3 | Noticed Boris
 32623 | Depths:3 | Killed Boris
 33410 | Depths:3 | Noticed a lich
 33428 | Depths:3 | Killed a lich
 33493 | Depths:3 | Noticed Mennas
 33529 | Depths:4 | Entered Level 4 of the Depths
 33873 | Depths:4 | Noticed a juggernaut
 33884 | Depths:4 | Banished a juggernaut
 33885 | Depths:4 | Reached skill level 5 in Necromancy
 33885 | Depths:4 | Reached skill level 5 in Transmutations
 34561 | Depths:4 | Reached skill level 18 in Fighting
 34635 | Depths:4 | Found Vubyes's Antique Armour Emporium.
 34644 | Depths:4 | Bought a runed cloak for 232 gold pieces
 34817 | Depths:4 | Reached XP level 19. HP: 174/174 MP: 28/28
 35043 | Depths:4 | Noticed Xtahua
 35068 | Depths:4 | Killed Xtahua
 35413 | Depths:4 | Noticed a bone dragon
 35619 | Depths:4 | Killed a bone dragon
 36011 | Depths:4 | Found a gate to the Realm of Zot.
 36518 | Depths:4 | Upgraded the game from 0.28-a0-537-g3bccd9ccbf to
                  | 0.28-a0-556-gab23d0e057
 36740 | Vaults:1 | Entered Level 1 of the Vaults
 36861 | Vaults:1 | Reached skill level 1 in Spellcasting
 37487 | Vaults:1 | Identified the +7 mace of Fear {freeze, rF++}
 37633 | Vaults:1 | Reached skill level 15 in Shields
 37707 | Vaults:1 | Reached skill level 1 in Dodging
 38294 | Vaults:2 | Got the Tome of Creation and Enchantment
 38683 | Vaults:2 | Identified the +8 falchion of Laceration {spect, rElec
                  | Will++ Dex-2 Stlth+}
 38928 | Vaults:2 | Noticed Sojobo
 38937 | Vaults:2 | Paralysed by an air elemental for 1 turns
 39004 | Abyss:1  | Found a corrupted altar of Lugonu.
 39015 | Abyss:1  | Found a corrupted altar of Lugonu.
 39020 | Abyss:1  | HP: 1/175 [smoke demon/divine providence (14)]
 39116 | Abyss:2  | Found an ancient bone altar of Kikubaaqudgha.
 39170 | Vaults:2 | Escaped the Abyss
 39189 | Vaults:2 | Killed Sojobo
 39639 | Vaults:2 | Reached XP level 20. HP: 171/184 MP: 29/29
 41271 | Vaults:2 | Found a staircase to the Crypt.
 41389 | Vaults:3 | HP: 9/184 [ironbound thunderhulk/bolt of lightning (42)]
 42285 | Vaults:3 | Found Kucy's General Store.
 42293 | Vaults:3 | Bought a potion of curing for 54 gold pieces
 42293 | Vaults:3 | Bought a scroll of teleportation for 54 gold pieces
 42293 | Vaults:3 | Bought a potion of haste for 180 gold pieces
 42293 | Vaults:3 | Bought 2 scrolls of blinking for 270 gold pieces
 42415 | Vaults:3 | Reached skill level 5 in Spellcasting
 42687 | Vaults:3 | Reached skill level 19 in Fighting
 43126 | Vaults:4 | Noticed Boris
 43252 | Vaults:4 | Killed Boris
 43417 | Vaults:4 | Acquired 305 gold pieces
 43641 | Vaults:4 | Reached skill level 5 in Dodging
 44031 | Vaults:4 | Reached XP level 21. HP: 113/192 MP: 30/30
 44912 | Vaults:4 | Found the +18 shield of the Gong {rElec rN+ Will+ EV-5}
 45173 | Vaults:5 | Entered Level 5 of the Vaults
 45174 | Vaults:5 | Corrupted Vaults:5
 45193 | Vaults:5 | Reached skill level 10 in Necromancy
 45193 | Vaults:5 | Reached skill level 10 in Transmutations
 45196 | Vaults:5 | Reached skill level 20 in Fighting
 45329 | Vaults:5 | Noticed a dread lich
 45330 | Vaults:5 | Noticed Frederick
 45386 | Abyss:1  | Banished a juggernaut
 45524 | Vaults:5 | Escaped the Abyss
 45631 | Vaults:5 | HP: 5/190 [titan (23)]
 45708 | Vaults:5 | Killed from afar by a titan

Illustrated notes

Levels and vault maps discovered:
D:1:      mushboom_english_gardens, layout_loops_ring, serial_shops, shop
D:2:      layout_basic, hellmonk_ecumenical_altar_prayer_group
D:3:      layout_rooms, kiku_gazebo_garden_becter,
          amethyst_overflow_temple_binary, lightli_temple_of_fire,
          gammafunk_ghost_split, uniq_ijyb
D:4:      layout_gridville, kennysheep_little_box, serial_shops,
          nicolae_shop_statue_plus, nicolae_stop_n_shop_1,
          nicolae_shop_overgrown_old_shop, shop_fountains, shop
D:5:      layout_loops_corners
D:6:      layout_loops_corners, uniq_maggie
D:7:      layout_loops_corners, minmay_temple_entry_arrows, serial_shops,
          nicolae_inconvenience_store
D:8:      layout_loops_ring, chequers_temple_overflow_statue_of_worship,
          lair_entry_dummy, kennysheep_small_circle, uniq_erica
D:9:      layout_gridville, general_overflow_altar, fedhas_ov_isle_minmay,
          lightli_minifort
D:10:     layout_cave_pools, grunt_gozag_breadcrumbs,
          mainiacjoe_overflow_alcove_1
D:11:     layout_irregular_city, orc_0_dummy, grunt_dithmenos_smoke,
          uniq_maurice
D:12:     minmay_bad_star, layout_basic
D:13:     layout_basic, grunt_vaults_entry_tiered, serial_shops, shop,
          nicolae_shop_trees, shop
D:14:     layout_loops_ring, cheibriados_altar_1, nicolae_ru_awakened_eye
D:15:     gammafunk_enter_depths_forms, layout_basic,
          portal_ice_cave_entry_pillars_four, grunt_qazlal_clouds
Lair:1:   layout_cave_pods, gauntlet_entry_generic, beast_lair_carwin_2
Lair:2:   layout_roguey, bh_autumn_forest_stairs, kennysheep_snail_temple
Lair:3:   minmay_lair_oklob_tunnel, layout_regular_city,
          minmay_swamp_entry_worms, lemuel_fruit_tree, uniq_fannar
Lair:4:   layout_layer_cave, minmay_snake_entry_guardpost_large,
          ebering_ghost_funeral_grove, worms_lemuel
Lair:5:   layout_big_grid, uniq_nessos
Swamp:1:  layout_basic_swamp, evilmike_swamp_ruin_house_5
Swamp:2:  nicolae_swamp_flooded_prison, layout_basic_swamp,
          hangedman_swamp_blocks, uniq_louise
Swamp:3:  layout_falls_marsh, hangedman_swamp_ruin_wall, swamp_pool3
Swamp:4:  swamp_fiery, layout_basic_swamp, uniq_nikola
Snake:1:  layout_onion
Snake:2:  layout_grid_shapes, minmay_shoptagon
Snake:3:  layout_honeycomb, minmay_shop_grove
Snake:4:  johnstein_snake_rune_scales, layout_gridlike, serial_shops,
          shop_statue, uniq_roxanne
Orc:1:    layout_diamond_mine, minmay_orc_temple_b
Orc:2:    st_orc_ogre_mass, layout_caves, basic_altar, nicolae_orc_tapped_out,
          uniq_jorgrun
Vaults:1: v_rooms_2, nicolae_vaults_angled_halls, ontoclasm_vaults_ligature,
          vaults_mumra_minichess, hangedman_vaults_corner_blocks,
          nicolae_vaults_puzzle_piece, nicolae_vaults_little_squares_5,
          vaults_room_grid, ontoclasm_vaults_ring_small, v_misc_12, v_misc_29,
          v_rooms_6, vaults_dpeg_hooks, vaults_dpeg_cross,
          ontoclasm_vaults_shuriken, grunt_vaults_diagonal,
          ontoclasm_vaults_loading_screen, layout_vaults_maze_snakey
Vaults:2: nicolae_vaults_network_barrier, nicolae_vaults_inception_statues,
          hangedman_vaults_hat, minmay_crypt_entry_skeletal_spiral,
          grunt_vaults_hallway_long, hangedman_vaults_stretched_pinwheel,
          vaults_mumra_chevron, ontoclasm_vaults_twist,
          hangedman_vaults_stagger, nicolae_vaults_border_crossing,
          layout_vaults_omnigrid, uniq_sojobo
Vaults:3: grunt_vaults_hallway_short, v_pattern_1,
          nicolae_vaults_mini_display_case, v_misc_25,
          nicolae_vaults_diagonal_hallway_6, v_misc_22,
          hangedman_vaults_corner_blocks, hangedman_vaults_impose, v_misc_15,
          vaults_dpeg_diagonal, vaults_mumra_chevron_long,
          ontoclasm_vaults_chip, vaults_room_door_ring, layout_vaults_omnibox,
          serial_shops, nicolae_diamond_shop
Vaults:4: ontoclasm_vaults_ring_small, hellmonk_guarded_unrand_gong,
          vaults_standard_mumra_x, vaults_room_corners,
          ontoclasm_vaults_ring_square, ontoclasm_vaults_misaligned,
          hangedman_vaults_corner_blocks, v_pattern_5, hangedman_vaults_stream,
          vaults_room_pools, v_alt_pattern_1,
          hangedman_vaults_stretched_pinwheel, v_misc_22,
          hangedman_vaults_slice, layout_vaults_omnicross
Vaults:5: serial_shops, uniq_frederick, uniq_mara
Depths:1: layout_forbidden_donut, serial_shops, bzr_entry_safe, hell_entry,
          dk_noncrumbling_2, hangedman_stitches_earthworm, grunt_megastairs_1
Depths:2: cheibrodos_lost_city_excavation, layout_gridlike, hellmouth_1,
          minmay_misc_feat_square, rand_demon_pan_entry_9, serial_bayou_shore_a,
          infiniplex_staircase_pillars_2
Depths:3: minmay_haunted_quarter, layout_cave_shapes, enter_ziggurat_e,
          gammafunk_ghost_ooze, hell_entry, abyss_entry, vehumet_crystals,
          uniq_boris, uniq_mennas
Depths:4: evilmike_zot_entry_round, layout_basic, abyss_entry, serial_shops,
          nicolae_shop_behind_doors, hell_entry, grunt_pan_entry_zigzag,
          uniq_xtahua

Skill      XL: |  1  2  3  4  5  6  7  8  9 10 11 12 13 14 15 16 17 18 19 20 21 |
---------------+----------------------------------------------------------------+-----
Invocations    | 3 4 5 6 7 8 9 10 11 12 | 12.0
Maces & Flails | 3 4 5 6 7 9 10 11 12 | 12.0
Armour         | 3 4 5 6 7 8 10 11 12 | 12.0
Fighting       | 4 5 8 10 11 12 13 15 17 18 19 20 | 20.9
Evocations     | 1 3 |  3.0
Polearms       | 1 5 7 9 10 11 13 | 13.0
Shields        | 1 4 7 8 9 10 12 13 14 15 16 | 16.0
Necromancy     | 5 7 9 10 | 10.0
Transmutations | 5 7 9 10 | 10.0
Spellcasting   | 3 5 |  5.0
Dodging        | 2 5 |  5.0

Action                   |  1- 3 |  4- 6 |  7- 9 | 10-12 | 13-15 | 16-18 | 19-21 || total
-------------------------+-------+-------+-------+-------+-------+-------+-------++-------
Melee: Mace              |   113 |    87 |   110 |       |       |       |       ||   310
       Tailslap          |     5 |     8 |    41 |    82 |   194 |   407 |   413 ||  1150
       Morningstar       |       |       |   181 |   258 |       |       |       ||   439
       Flail             |       |       |    20 |       |       |       |       ||    20
       Lance             |       |       |       |   131 |   566 |  2111 |  1645 ||  4453
       Eveningstar       |       |       |       |   154 |   636 |     4 |       ||   794
       Kick              |       |       |       |       |       |   191 |   829 ||  1020
 Fire: Hunting sling     |       |    29 |   151 |     7 |       |       |       ||   187
Throw: Stone             |     3 |       |       |       |       |       |       ||     3
       Dart              |    47 |    41 |       |    13 |       |       |       ||   101
       Boomerang         |       |       |       |    26 |    54 |    34 |       ||   114
       Throwing net      |       |       |       |     2 |       |       |       ||     2
       Javelin           |       |       |       |       |       |       |    16 ||    16
Invok: Bend Space        |       |     1 |     2 |     3 |     2 |     2 |     1 ||    11
       Banish            |       |     1 |     3 |    11 |    10 |     6 |     3 ||    34
       Corrupt           |       |       |       |       |     1 |       |     1 ||     2
       Enter the Abyss   |       |       |       |       |       |     3 |     2 ||     5
       Depart the Abyss  |       |       |       |       |       |     3 |     1 ||     4
 Abil: Rolling Charge    |     2 |       |     5 |     7 |    16 |     2 |       ||    32
Evoke: Wand              |       |       |     4 |     6 |     8 |     4 |    10 ||    32
       Condenser vane    |       |       |       |       |       |       |     5 ||     5
       Phial of floods   |       |       |       |       |       |       |     1 ||     1
  Use: Scroll            |     3 |     4 |     7 |    16 |    13 |     5 |    21 ||    69
       Potion            |       |     2 |     1 |     1 |     5 |    10 |    17 ||    36
 Stab: Paralysed         |       |       |       |     3 |     3 |       |       ||     6
       Invisible         |       |       |       |       |     4 |       |     1 ||     5
       Confused          |       |       |       |       |       |     3 |     3 ||     6
       Distracted        |       |       |       |       |       |       |     1 ||     1
       Sleeping          |       |       |       |       |       |       |     1 ||     1
Armor: Leather armour    |    11 |       |       |       |       |       |       ||    11
       Ring mail         |    44 |     8 |       |       |       |       |       ||    52
       Skin              |       |     7 |       |       |       |       |       ||     7
       Chain mail        |       |    26 |   251 |       |       |       |       ||   277
       Scale mail        |       |       |     3 |   282 |   379 |   400 |       ||  1064
       Fire dragon scale |       |       |       |       |       |    69 |   345 ||   414
Dodge: Dodged            |    55 |    26 |    80 |   152 |   158 |   203 |    80 ||   754
Block: Kite shield       |       |       |       |   133 |   758 |  1144 |   875 ||  2910
       Reflection        |       |       |       |       |    14 |   131 |    88 ||   233

Table legend: (Time is in decaauts)
 A = Elapsed time spent in this place.
 B = Non-inter-level travel time spent in this place.
 C = Inter-level travel time spent in this place.
 D = Time resting spent in this place.
 E = Time spent auto-exploring this place.
 F = Levels seen in this place.
 G = Mean time per level.
                   A        B        C        D        E       F      G
               +--------+--------+--------+--------+--------+-----+--------+
         Total |  43704 |  40027 |   3677 |   5219 |  25194 |  48 |  910.5 |
       Dungeon |  17494 |  15581 |   1913 |    911 |  11449 |  15 | 1166.3 |
          Lair |   5804 |   5042 |    762 |    357 |   3634 |   5 | 1160.8 |
         Swamp |    994 |    888 |    106 |    166 |    178 |   4 |  248.5 |
     Snake Pit |   2413 |   2169 |    244 |    515 |    684 |   4 |  603.2 |
  Orcish Mines |   1388 |   1338 |     50 |      0 |    880 |   2 |  694.0 |
        Vaults |   7793 |   7559 |    234 |   1008 |   5157 |   5 | 1558.6 |
        Depths |   6786 |   6421 |    365 |   1821 |   3141 |   4 | 1696.5 |
         Abyss |    848 |    848 |      0 |    440 |     55 |   8 |  106.0 |
      Ice Cave |    180 |    180 |      0 |      0 |     16 |   1 |  180.0 |
               +--------+--------+--------+--------+--------+-----+--------+

Top non-repeatable levels by time:
Vaults:2: 3007 daAuts
Depths:4: 2682 daAuts
     D:5: 1963 daAuts
Depths:2: 1949 daAuts
Vaults:4: 1803 daAuts
     D:7: 1705 daAuts
     D:8: 1675 daAuts
  Lair:1: 1629 daAuts
    D:15: 1515 daAuts
 Snake:4: 1509 daAuts
  Lair:4: 1470 daAuts
Vaults:1: 1423 daAuts
Vaults:3: 1308 daAuts
     D:6: 1290 daAuts
     D:9: 1245 daAuts
